 Dungeon Crawl Stone Soup version 0.30.1-9-gdf580d7c3d (webtiles) character file.

Game seed: 17249756132572279419

18 Zalbag the Insei (level 2, -2/22 HPs)
             Began as a Djinni Transmuter on Oct 17, 2023.
             Slain by Sigmund
             ... wielding a +0 scythe
              (6 damage)
             ... on level 2 of the Dungeon.
             The game lasted 00:02:29 (932 turns).

Zalbag the Insei (Djinni Transmuter)                 Turns: 932, Time: 00:02:30

Health: -2/22      AC:  2    Str:  9    XL:     2   Next: 85%
Gold:   60         EV: 12    Int: 14    God:
                   SH:  0    Dex: 13

rFire   + +          .
                       - Unarmed
rCold   x . .        (no shield)
rNeg    . . .        a - +0 robe
rPois   ∞            (no helmet)
rElec   .            (no cloak)
rCorr   .            (no gloves)
SInv    .            (boots unavailable)
Will    .....        (no amulet)
Stlth   +            (no ring)
HPRegen 0.23/turn    (no ring)
MPRegen 0.00/turn

%: infuse magic (-3 HP)
@: confused, wereblooded, flying
A: sickness immunity, fire resistance 2, cold vulnerability 1, float, innate
caster, HP casting, extra vitality 1
a: no special abilities


You were on level 2 of the Dungeon.
You visited 1 branch of the dungeon, and saw 2 of its levels.

You collected 60 gold pieces.

Inventory:

Missiles
 d - a throwing net
Armour
 a - a +0 robe (worn)
Jewellery
 e - a ring of protection from cold
Scrolls
 h - a scroll of noise {unknown}
Potions
 b - a potion of lignification
 c - a potion of might {unknown}
 f - 2 potions of magic {unknown}
 g - a potion of curing {unknown}


   Skills:
 - Level 1.0 Fighting
 + Level 2.2 Dodging
 * Level 3.8 Unarmed Combat
 + Level 1.6 Spellcasting


You knew the following spells:

 Your Spells              Type           Power      Damage    Failure   Level
a - Beastly Appendage     Tmut           10%        N/A       13%         1
b - Wereblood             Tmut           5%         N/A       19%         2
c - Spider Form           Tmut/Pois      5%         N/A       36%         3
d - Ice Form              Ice/Tmut       5%         N/A       77%         4
Your spell library was empty.

Dungeon Overview and Level Annotations

Branches:
Dungeon (2/15)

Altars:

Annotations:
D:2 Sigmund


Innate Abilities, Weirdness & Mutations

You are immune to sickness and miasma.
You are immune to poison.
Your flesh is very heat resistant. (rF++)
You are vulnerable to cold. (rC-)
You float through the air rather than walking.
You learn spells naturally, not from books.
Your magical power is your life essence.
You have superior vitality. (+4 MHP)


Message History

You fly downwards.
There is a stone staircase leading up here.
Sigmund the Dreaded comes into view.
He is wielding a +0 scythe.
Cast which spell? (? or * to list)
Okay, then.
Cast which spell? (? or * to list)
Your blood is infused with primal strength.
Casting: Wereblood (safe; 19% risk of failure)
Confirm with . or Enter, or press ? or * to list all spells.
You grow a pair of large bovine horns.
Your transformation is almost over.
Sigmund shouts!
You hear a shout!
Sigmund hits you but does no damage.
You hit Sigmund.
Sigmund is lightly wounded.
You closely miss Sigmund.
Sigmund is lightly wounded.
Sigmund closely misses you.
You hit Sigmund. You headbutt Sigmund!
Sigmund is severely wounded.
Sigmund mumbles some strange words.
Sigmund flickers and vanishes!
Deactivating autopickup; reactivate with Ctrl-A.
A hobgoblin comes into view.
You hit something. Your headbutt misses something. Something hits you!
You barely miss something. You hit something but do no damage.
You hear some strange, mumbled words.
Something tries to affect you, but you resist.
You miss something. Your headbutt misses something.
You hear some strange, mumbled words.
You are confused.
Something hits you.
You hear some strange, mumbled words.
A puff of flame appears from out of thin air!
The puff of flame hits you. You resist.
* * * LOW HITPOINT WARNING * * *
Your horns disappear.
Something hits you.
You die...

######
#<...#
#.####.#
#.g{.@.#
#..##..#
#. #..#
.. #..#
#. #..#
# ...#
#...
...#


You could see a hobgoblin.

Vanquished Creatures
  2 bats (D:1)
  2 endoplasms (D:1)
  A giant cockroach (D:1)
  A goblin (D:1)
  A hobgoblin (D:1)
  A ball python (D:1)
  4 frilled lizards (D:1)
  3 kobolds
  3 rats (D:1)
18 creatures vanquished.

Notes
Turn   | Place    | Note
-------+----------+-------------------------------------------
     0 | D:1      | Zalbag the Djinni Transmuter began the quest for the Orb.
     0 | D:1      | Zalbag set off with the following spells memorised: Beastly
                  | Appendage, Wereblood, Spider Form, Ice Form.
     0 | D:1      | Reached XP level 1. HP: 17/17 MP: 0/0
   105 | D:1      | You are sucked into a shaft and drop 1 floor!
   239 | D:1      | Reached XP level 2. HP: 22/22 MP: 0/0
   493 | D:1      | Found a faded altar of an unknown god.
   915 | D:2      | Noticed Sigmund
   932 | D:2      | Slain by Sigmund

Illustrated notes

Levels and vault maps discovered:
D:1:      minmay_arrival_hallway, layout_rooms,
          chequers_ecumenical_altar_simple_redux, minmay_misc_feat_more_columns,
          minivault_19, serial_park_tiny_1
D:2:      layout_basic, grunt_decor_mini_mirrors, grunt_ministairs_9,
          uniq_sigmund, uniq_natasha

Action                     || total
---------------------------++-------
  Melee: Unarmed           ||    80
         Punch             ||     4
         Headbutt          ||     1
   Cast: Beastly Appendage ||     1
         Wereblood         ||     1
 Armour: Robe              ||    22
  Dodge: Dodged            ||    43
